 Dungeon Crawl Stone Soup version 0.26-a0-651-gb41185065b (webtiles) character file.

Game seed: 599048720409925336

3819 looop the Grappler (level 9, -13/81 HPs)
             Began as a White Draconian Transmuter on Sept 29, 2020.
             Was an Initiate of Gozag.
             Mangled by a crocodile (20 damage)
             ... on level 8 of the Dungeon.
             The game lasted 00:12:44 (9905 turns).

looop the Grappler (White Draconian Transmuter)     Turns: 9905, Time: 00:12:45

Health: -13/81     AC:  2    Str: 16    XL:     9   Next: 97%
Magic:  9/12       EV: 19    Int: 14    God:    Gozag
Gold:   1022       SH:  5    Dex: 14    Spells: 1/12 levels left

rFire    . . .     SeeInvis .     - Unarmed
rCold    + . .     Faith    .   (shield currently unavailable)
rNeg     . . .     Spirit   .   (armour unavailable)
rPois    x         Reflect  +   (helmet currently unavailable)
rElec    .         Harm     .   (cloak currently unavailable)
rCorr    .         Rampage  .   (gloves currently unavailable)
MR       +....                  (boots currently unavailable)
Stlth    +.........             t - amulet of Feda {Reflect +Inv MR+ Dex-2 SH+5}
HPRegen  0.23/turn              c - ring of protection from cold
MPRegen  0.13/turn              (no ring)

@: spider-form, gold aura
A: tiny, (breathe frost), unfitting armour, AC +7
a: End Transformation, Potion Petition, Call Merchant, Bribe Branch, Renounce
Religion, Evoke Invisibility


You were on level 8 of the Dungeon.
You worshipped Gozag.
Gozag was most pleased with you.
You were a venomous arachnid creature.
You visited 1 branch of the dungeon, and saw 8 of its levels.

You collected 1613 gold pieces.
You paid 591 gold pieces to Gozag.

Inventory:

Missiles
 x - 4 silver javelins (quivered)
Armour
 h - a +0 buckler (melded)
 m - a +2 pair of gloves (melded)
Jewellery
 c - a ring of protection from cold (left front leg)
 t - the amulet of Feda (around neck) {Reflect +Inv MR+ Dex-2 SH+5}
   (You found it on level 4 of the Dungeon)

   [amulet of reflection]

   It shields you and reflects attacks.
   It affects your dexterity (-2).
   It affects your resistance to hostile enchantments.
   It lets you turn invisible.
   It affects your SH (+5).
Wands
 A - a wand of flame (15)
 B - a wand of paralysis (8)
 F - a wand of polymorph (4)
Scrolls
 a - a scroll of holy word {unknown}
 b - 2 scrolls of fear {unknown}
 d - a scroll of fog
 k - 3 scrolls of magic mapping
 u - 4 scrolls of remove curse
 y - a scroll of teleportation
 z - a scroll of enchant armour
 C - a scroll of blinking
 D - a scroll of enchant weapon
Potions
 e - 4 potions of heal wounds
 f - 2 potions of curing
 g - 2 potions of resistance
 i - 3 potions of mutation {unknown}
 j - 2 potions of berserk rage {unknown}
 l - a potion of invisibility {unknown}
 n - a potion of brilliance {unknown}
 o - 2 potions of haste {unknown}
 p - a potion of stabbing {unknown}
 q - 2 potions of magic {unknown}
 s - a potion of might {unknown}
 v - 2 potions of lignification {unknown}
 w - a potion of degeneration {unknown}


   Skills:
 + Level 8.0 Fighting
 - Level 1.7 Dodging
 * Level 10.7 Unarmed Combat
 - Level 2.0 Spellcasting
 + Level 7.1 Transmutations


You had one spell level left.
You knew the following spells:

 Your Spells              Type           Power        Failure   Level
a - Beastly Appendage     Tmut           ###...       6%          1
b - Wereblood             Tmut           ###.....     8%          2
c - Spider Form           Tmut/Pois      ##........   36%         3
d - Blade Hands           Tmut           ###.......   56%         5

Your spell library contained the following spells:

 Spells                   Type           Power        Failure   Level
 Ice Form                 Ice/Tmut       ##......     71%         4


Dungeon Overview and Level Annotations

Branches:
Dungeon (8/15)             Temple (0/1) D:5            Lair (0/6) D:8

Altars:
Dithmenos
Gozag
Nemelex Xobeh
Okawaru
Ru
Wu Jian
Xom
The Shining One

Shops:
D:7 =


Innate Abilities, Weirdness & Mutations

((You can breathe waves of freezing cold.))
((You can buffet flying creatures when you breathe cold.))
((Your icy white scales are hard. (AC +7)))
You cannot fit into any form of body armour.
((Your flesh is cold resistant. (rC+)))
((You are cold-blooded and may be slowed by cold attacks.))


Message History

You bite the wyvern!
The wyvern is severely wounded.
The wyvern completely misses you.
You hit the wyvern.
The wyvern is poisoned.
The wyvern is almost dead.
The wyvern completely misses you.
You hit the wyvern.
You kill the wyvern!
Your Fighting skill increases to level 8!
You have got your breath back.
You bite the crocodile!
The crocodile is poisoned.
The crocodile is heavily wounded.
The crocodile bites you!
* * * LOW HITPOINT WARNING * * *
You bite the crocodile!
The crocodile looks as sick as possible!
The crocodile is severely wounded.
The crocodile bites you!!
You die...
Your body crumbles into a pile of gold.

#. ##.# ### ##>#
#.#...#####.###.##
#........#.##....# #
....#.....##.##### ##
####
......$.....#[#####
###.##...
#.....#...........##
#.##..### ###..
#####...(....###.....#
## #.#t###......[..###
###.s############ ####


You could see a crocodile (extremely poisoned).

Vanquished Creatures
  Maggie (D:6)
  Prince Ribbit (D:7)
  A wyvern (D:8)
  A steam dragon (D:8)
  A basilisk (D:8)
  Edmund (D:4)
  A water moccasin (D:6)
  3 phantoms
  A sky beast (D:6)
  4 orc warriors
  An ogre (D:8)
  7 centaurs
  2 bullfrogs (D:7)
  3 wights (D:8)
  A howler monkey (D:5)
  A hound (D:6)
  9 orc wizards
  2 orc priests
  A bullfrog skeleton (D:7)
  Natasha (thrice) (D:2)
  Terence (D:3)
  8 worker ants
  An iguana (D:5)
  A hound skeleton (D:6)
  A worker ant zombie (D:8)
  A gnoll (D:1)
  11 adders
  A shadow imp (D:8)
  A white imp (D:5)
  An ufetubus (D:6)
  5 oozes
  2 adder skeletons
  A worm (D:3)
  A dart slug (D:1)
  4 leopard geckos
  35 orcs
  3 giant cockroaches
  11 goblins
  12 hobgoblins
  15 jackals
  11 quokkas
  A ball python (D:5)
  4 bats
  9 frilled lizards
  7 kobolds
  A quokka zombie (D:6)
  11 rats
205 creatures vanquished.

Vanquished Creatures (others)
  An orc wizard (D:7)
1 creature vanquished.

Grand Total: 206 creatures vanquished

Notes
Turn   | Place    | Note
-------+----------+-------------------------------------------
     0 | D:1      | looop the Draconian Transmuter began the quest for the Orb.
     0 | D:1      | Reached XP level 1. HP: 16/16 MP: 3/3
   119 | D:1      | Reached XP level 2. HP: 15/23 MP: 3/5
   487 | D:1      | Reached XP level 3. HP: 22/29 MP: 6/6
   501 | D:1      | Reached skill level 4 in Unarmed Combat
  1089 | D:2      | Found an opulent altar of Gozag.
  1116 | D:2      | Became a worshipper of Gozag Ym Sagoz the Greedy
  1137 | D:2      | Noticed Natasha
  1143 | D:2      | Learned a level 2 spell: Wereblood
  1152 | D:2      | Killed Natasha
  1152 | D:2      | Reached XP level 4. HP: 12/37 MP: 5/7
  1171 | D:2      | Learned a level 3 spell: Spider Form
  1509 | D:2      | Noticed Natasha
  1519 | D:2      | Killed Natasha
  1625 | D:2      | Noticed Natasha
  1633 | D:2      | Killed Natasha
  1633 | D:2      | Reached XP level 5. HP: 45/45 MP: 8/8
  1847 | D:2      | Reached skill level 5 in Unarmed Combat
  2021 | D:3      | Noticed Terence
  2047 | D:3      | Killed Terence
  2171 | D:3      | Found a sparkling altar of Nemelex Xobeh.
  2258 | D:3      | Reached XP level 6. HP: 51/51 MP: 9/9
  3258 | D:4      | Got a sparkling garnet amulet
  3298 | D:4      | Noticed Edmund
  3321 | D:4      | Killed Edmund
  3321 | D:4      | Reached skill level 6 in Unarmed Combat
  4251 | D:4      | Found an ornate altar of the Wu Jian Council.
  4252 | D:4      | Found a shadowy altar of Dithmenos.
  4281 | D:4      | Your scales start taking on an icy white colour.
  4281 | D:4      | Reached XP level 7. HP: 49/60 MP: 10/10
  4281 | D:4      | Gained mutation: Your flesh is cold resistant. (rC+) [White
                  | Draconian growth]
  4370 | D:5      | Entered Level 5 of the Dungeon
  4633 | D:5      | Found a staircase to the Ecumenical Temple.
  5204 | D:5      | Reached skill level 7 in Unarmed Combat
  5318 | D:5      | Found a glowing golden altar of the Shining One.
  5659 | D:6      | Reached skill level 5 in Fighting
  5791 | D:6      | Reached XP level 8. HP: 55/68 MP: 11/11
  6150 | D:6      | Learned a level 5 spell: Blade Hands
  6184 | D:6      | Identified the amulet of Feda {Reflect +Inv MR+ Dex-2 SH+5}
                  | (You found it on level 4 of the Dungeon)
  6261 | D:6      | Reached skill level 8 in Unarmed Combat
  6386 | D:6      | Noticed Maggie
  6397 | D:6      | Killed Maggie
  6397 | D:6      | Reached skill level 5 in Transmutations
  6994 | D:6      | Reached skill level 9 in Unarmed Combat
  7257 | D:6      | Found a sacrificial altar of Ru.
  7351 | D:7      | Reached XP level 9. HP: 63/78 MP: 12/12
  8002 | D:7      | Found a shimmering altar of Xom.
  8002 | D:7      | Found a shimmering altar of Xom.
  8002 | D:7      | Found a shimmering altar of Xom.
  8356 | D:7      | Noticed Prince Ribbit
  8364 | D:7      | Killed Prince Ribbit
  8685 | D:7      | Found an iron altar of Okawaru.
  8696 | D:7      | Noticed a black mamba
  8696 | D:7      | Noticed a two-headed ogre
  8704 | D:7      | Found a shimmering altar of Xom.
  8862 | D:8      | Reached skill level 10 in Unarmed Combat
  9864 | D:8      | Found a staircase to the Lair.
  9905 | D:8      | Mangled by a crocodile

Illustrated notes

Levels and vault maps discovered:
D:1:      tarquinn_simple_flora_water_b, layout_rooms, minmay_heptomino_d4
D:2:      layout_rooms, nicolae_gozag_cash_rules_everything_around_me,
          uniq_natasha
D:3:      layout_loops_ring, nemelex_xobeh_ov_fountains_minmay,
          chequers_serial_rivers_marsh, kennysheep_small_spiral, uniq_terence
D:4:      layout_basic, gammafunk_temple_overflow_pools, uniq_edmund
D:5:      layout_basic, kennysheep_mini, temple_pool_b
D:6:      layout_gridville, basic_altar, uniq_maggie
D:7:      layout_loops_corners, xom_shifter_show, kennysheep_mini_moat,
          uniq_prince_ribbit1
D:8:      layout_rooms, erik_lair_dragon, serial_rivers,
          chequers_serial_rivers_small_a, chequers_serial_rivers_micro_c,
          chequers_serial_rivers_small_b, chequers_serial_rivers_micro_b,
          chequers_garden

Skill      XL: |  1  2  3  4  5  6  7  8  9 |
---------------+----------------------------+-----
Fighting       | 2 3 4 5 6 8 |  8.0
Unarmed Combat | 4 5 6 7 9 10 | 10.7
Transmutations | 3 4 5 7 |  7.1
Dodging        | |  1.7
Spellcasting   | |  2.0

Action                   |  1- 3 |  4- 6 |  7- 9 || total
-------------------------+-------+-------+-------++-------
Melee: Unarmed           |   119 |   295 |   427 ||   841
       Tailslap          |     6 |    31 |    51 ||    88
       Kick              |     2 |    13 |       ||    15
       Headbutt          |     1 |     7 |       ||     8
       Punch             |     1 |       |       ||     1
Throw: Javelin           |     2 |     7 |     3 ||    12
 Cast: Beastly Appendage |     2 |     4 |       ||     6
       Wereblood         |       |     2 |       ||     2
       Spider Form       |       |       |     3 ||     3
Invok: Call Merchant     |       |       |     1 ||     1
 Abil: Breathe Frost     |       |       |    28 ||    28
  Use: Scroll            |       |     3 |     9 ||    12
       Potion            |       |     2 |       ||     2
 Stab: Confused          |       |     2 |       ||     2
       Sleeping          |       |     1 |       ||     1
Armor: Skin              |    47 |    91 |   122 ||   260
Dodge: Dodged            |    79 |   166 |   174 ||   419
Block: Buckler           |       |    25 |    95 ||   120
       Other             |       |       |     3 ||     3
       Reflection        |       |       |     4 ||     4

Table legend: (Time is in decaauts)
 A = Elapsed time spent in this place.
 B = Non-inter-level travel time spent in this place.
 C = Inter-level travel time spent in this place.
 D = Time resting spent in this place.
 E = Time spent auto-exploring this place.
 F = Levels seen in this place.
 G = Mean time per level.
                   A        B        C        D        E       F      G
               +--------+--------+--------+--------+--------+-----+--------+
         Total |   9826 |   9631 |    195 |   1225 |   6765 |   8 | 1228.2 |
       Dungeon |   9826 |   9631 |    195 |   1225 |   6765 |   8 | 1228.2 |
               +--------+--------+--------+--------+--------+-----+--------+

Top non-repeatable levels by time:
     D:6: 1870 daAuts
     D:7: 1398 daAuts
     D:3: 1317 daAuts
     D:4: 1143 daAuts
     D:8: 1138 daAuts
     D:5: 1073 daAuts
     D:1: 1049 daAuts
     D:2: 834 daAuts
